 Dungeon Crawl Stone Soup version 0.32-a0-876-gcfddb08e57 (webtiles) character file.

Game seed: 17558461683363338970

2850718 DimondSprtn the Intangible (level 27, 256/256 HPs)
             Began as a Felid Necromancer on Apr 1, 2024.
             Was the Champion of Sif Muna.
             Escaped with the Orb
             ... and 5 runes!
             The game lasted 05:51:19 (83142 turns).

DimondSprtn the Intangible (Felid Necromancer)     Turns: 83142, Time: 05:51:19

Health: 256/256    AC: 16    Str: 18    XL:     27
Magic:  54/54      EV: 25    Int: 30    God:    Sif Muna [******]
Gold:   1242       SH:  0    Dex: 21    Spells: 3/61 levels left
                                        Lives:  2   Deaths: 4

rFire   + +          .
                       - Unarmed
rCold   . . .        (shield unavailable)
rNeg    + + +        (body armour unavailable)
rPois   +            (helmet unavailable)
rElec   +            (cloak unavailable)
rCorr   .            (gloves unavailable)
SInv    +            (boots unavailable)
Will    ++++.        d - amulet of Vitality {Regen++ RegenMP++}
Stlth   +            F - ring of Daisies {^Drain rN++ MP+9 AC+4 Int+3}
HPRegen 2.22/turn    P - ring "Tinuzis" {rElec rPois rC+ rN++}
MPRegen 1.14/turn

%: no passive effects
@: dragon-form, flying, studying Fire Magic
A: dragon claw, dragon scales, breathe fire, flying, boosted hp, giant, (claws
1), (fangs 3), see invisible, (shaggy fur 3), (stealthy paws), no weapons or
thrown items, no armour, multi-lived, (iridescent scales 1), strong 1
0: Orb of Zot
}: 5/15 runes: decaying, slimy, silver, abyssal, gossamer
a: Breathe Fire, Begin Untransformation, Renounce Religion, Channel Magic,
Forget Spell, Divine Exegesis


You escaped.
You worshipped Sif Muna.
Sif Muna was exalted by your worship.
You were a fearsome dragon!
You visited 12 branches of the dungeon, and saw 56 of its levels.
You visited the Abyss 10 times.
You also visited: Volcano and Desolation.

You collected 8610 gold pieces.
You spent 7368 gold pieces at shops.

Inventory:

Jewellery
 d - the amulet of Vitality (around neck) {Regen++ RegenMP++}
   (You took it off a vault sentinel on level 5 of the Vaults)

   [amulet of nothing]

   Regen++:   It increases your rate of health regeneration.
   RegenMP++: It increases your rate of magic regeneration.
 m - a +6 ring of dexterity
 p - the ring of Efearets {rPois rC+ Will+ Dex-4}
   (You found it in the Desolation of Salt)

   [ring of protection from cold]

   Dex-4:     It affects your dexterity (-4).
   rC+:       It protects you from cold.
   rPois:     It protects you from poison.
   Will+:     It increases your willpower.
 u - the ring of Zin's Condemnation {Ice Slay+4}
   (You found it on level 3 of the Abyss)

   [ring of ice]

   Ice:       It enhances your ice magic.
   Slay+4:    It affects your accuracy & damage with ranged weapons and melee
   (+4).
   rF-:       It makes you vulnerable to fire.
   rC+:       It protects you from cold.
 w - the ring "Geedeus" {rC- MP+9 Dex+3 Slay+4}
   (You acquired it on level 2 of the Vaults)

   [ring of slaying]

   Dex+3:     It affects your dexterity (+3).
   Slay+4:    It affects your accuracy & damage with ranged weapons and melee
   (+4).
   rC-:       It makes you vulnerable to cold.
   MP+9:      It affects your magic capacity (+9).
 F - the ring of Daisies (left foreclaw) {^Drain rN++ MP+9 AC+4 Int+3}
   (You took it off an orc on level 9 of the Dungeon)

   [ring of protection]

   AC+4:      It affects your AC (+4).
   Int+3:     It affects your intelligence (+3).
   rN++:      It greatly protects you from negative energy.
   MP+9:      It affects your magic capacity (+9).
   ^Drain:    It drains your maximum health when unequipped.
 M - a ring of protection from fire
 P - the ring "Tinuzis" (right foreclaw) {rElec rPois rC+ rN++}
   (You found it on level 3 of the Crypt)

   [ring of protection from cold]

   rC+:       It protects you from cold.
   rElec:     It insulates you from electricity.
   rPois:     It protects you from poison.
   rN++:      It greatly protects you from negative energy.
 S - the ring of Jealousy {Str+6 Dex+2}
   (You found it in the Desolation of Salt)

   [ring of strength]

   Str+6:     It affects your strength (+6).
   Dex+2:     It affects your dexterity (+2).
Talismans
 c - a dragon-blood talisman (active)
 T - a granite talisman
Wands
 f - a wand of flame (147)
 r - a wand of warping (75)
 y - a wand of digging (45)
 E - a wand of quicksilver (55)
 G - a wand of paralysis (27)
 L - a wand of polymorph (35)
 N - a wand of mindburst (28)
Scrolls
 e - 3 scrolls of butterflies
 g - 17 scrolls of teleportation
 h - 6 scrolls of fear
 n - 10 scrolls of poison
 x - 23 scrolls of immolation
 A - 13 scrolls of silence
 B - 8 scrolls of fog
 H - 3 scrolls of amnesia
 J - 6 scrolls of revelation
 O - a scroll of torment
 Q - 10 scrolls of vulnerability
 U - 7 scrolls of blinking
Potions
 a - 7 potions of magic
 b - 23 potions of curing
 i - 16 potions of might
 j - 17 potions of heal wounds
 k - 7 potions of berserk rage
 l - 11 potions of attraction
 o - 7 potions of mutation
 q - 8 potions of brilliance
 s - 15 potions of lignification
 t - 15 potions of haste
 v - 6 potions of resistance
 z - 8 potions of enlightenment
 C - 3 potions of cancellation
 K - 10 potions of invisibility
 R - 9 potions of ambrosia
Miscellaneous
 D - a lightning rod (4/4)
 V - a phial of floods
 W - a phantom mirror
 X - a sack of spiders
 Y - a condenser vane


   Skills:
 + Level 26.2 Fighting
 O Level 27 Dodging
 - Level 2.6 Stealth
 O Level 27 Unarmed Combat
 - Level 17.5 Spellcasting
 - Level 10.0 Summonings
 - Level 12.0 Necromancy
 - Level 18.0 Translocations
 - Level 4.0 Earth Magic
 - Level 12.0 Invocations
 - Level 16.0 Shapeshifting


You had 3 spell levels left.
You knew the following spells:

 Your Spells              Type           Power      Damage    Failure   Level
a - Dispel Undead         Necr           78%        3d26      1%          4
b - Manifold Assault      Tloc           47%        N/A       1%          7
c - Malign Gateway        Summ/Tloc      42%        N/A       4%          7
d - Vhi's Electric Charg  Tloc/Air       100%       N/A       1%          4
e - Borgnjor's Vile Clut  Necr/Erth      32%        N/A       1%          5
f - Death Channel         Necr           39%        N/A       1%          6
g - Lesser Beckoning      Tloc           100%       N/A       0%          2
h - Gell's Gavotte        Tloc           47%        2d(32-48) 1%          6
i - Summon Forest         Summ/Tloc      42%        N/A       1%          5
j - Fugue of the Fallen   Necr           78%        N/A       1%          3
k - Dispersal             Tloc           47%        N/A       1%          6
l - Blink                 Tloc           100%       N/A       0%          2
m - Apportation           Tloc           100%       N/A       0%          1

Your spell library contained the following spells:

 Spells                   Type           Power      Damage    Failure   Level
 Necrotise                Necr           100%       1d9       0%          1
 Teleport Other           Tloc           94%        N/A       0%          3
 Foxfire                  Conj/Fire      100%       2x1d9     1%          1
 Freeze                   Ice            100%       1d10      1%          1
 Kiss of Death            Conj/Necr      100%       2d13      1%          1
 Magic Dart               Conj           100%       1d8       1%          1
 Sandblast                Erth           100%       2d20      1%          1
 Shock                    Conj/Air       100%       1d9       1%          1
 Slow                     Hex            100%       N/A       1%          1
 Sting                    Conj/Alch      100%       1d9       1%          1
 Summon Small Mammal      Summ           100%       N/A       1%          1
 Call Imp                 Summ           100%       N/A       1%          2
 Cigotuvi's Dreadful Rot  Necr/Alch/Air  100%       N/A       1%          2
 Momentum Strike          Conj/Tloc      100%       3d10      1%          2
 Sublimation of Blood     Necr           78%        N/A       1%          2
 Call Canine Familiar     Summ           72%        N/A       1%          3
 Passwall                 Erth           50%        N/A       1%          3
 Summon Ice Beast         Ice/Summ       54%        N/A       1%          3
 Vampiric Draining        Necr           78%        2d11      1%          3
 Volatile Blastmotes      Fire/Tloc      100%       2d18      1%          3
 Ensorcelled Hibernation  Hex/Ice        52%        N/A       2%          2
 Jinxbite                 Hex            52%        N/A       2%          2
 Mercury Vapours          Alch/Air       52%        N/A       2%          2
 Scorch                   Fire           52%        2d7       2%          2
 Searing Ray              Conj           52%        2d6       2%          2
 Static Discharge         Conj/Air       52%        3-6/arc   2%          2
 Stone Arrow              Conj/Erth      76%        3d11      2%          3
 Confusing Touch          Hex            26%        N/A       4%          3
 Dazzling Flash           Conj/Hex       52%        N/A       4%          3
 Frozen Ramparts          Ice            52%        1d8       4%          3
 Hailstorm                Conj/Ice       26%        3d7       4%          3
 Inner Flame              Hex/Fire       26%        N/A       4%          3
 Mephitic Cloud           Conj/Alch/Air  26%        N/A       4%          3
 Ozocubu's Armour         Ice            26%        N/A       4%          3
 Sigil of Binding         Hex            26%        N/A       4%          3
 Swiftness                Air            26%        N/A       4%          3
 Tukima's Dance           Hex            26%        N/A       4%          3
 Maxwell's Portable Pile  Tloc           94%        2d(19-38) 0%          4
 Passage of Golubria      Tloc           94%        N/A       0%          4
 Anguish                  Hex/Necr       29%        N/A       1%          4
 Animate Dead             Necr           78%        N/A       1%          4
 Iskenderun's Mystic Bla  Conj/Tloc      69%        2d14      (+2d71%     4
 Martyr's Knell           Necr/Summ      75%        N/A       1%          4
 Summon Blazeheart Golem  Fire/Summ      54%        N/A       1%          4
 Summon Lightning Spire   Summ/Air       54%        N/A       1%          4
 Curse of Agony           Necr           78%        N/A       1%          5
 Summon Cactus Giant      Summ           36%        N/A       4%          6
 Summon Mana Viper        Hex/Summ       54%        N/A       6%          5
 Brom's Barrelling Bould  Conj/Erth      38%        2d6       7%          4
 Leda's Liquefaction      Alch/Erth      19%        N/A       7%          4
 Petrify                  Alch/Erth      38%        N/A       7%          4
 Disjunction              Tloc           47%        N/A       7%          8
 Lee's Rapid Deconstruct  Erth           25%        3d14*     9%          5
 Airstrike                Air            13%        2d(2-18)  16%         4
 Cause Fear               Hex            13%        N/A       16%         4
 Flame Wave               Conj/Fire      26%        2d8       16%         4
 Fulminant Prism          Conj/Alch      13%        3d8       16%         4
 Ignite Poison            Fire/Alch      26%        N/A       16%         4
 Olgreb's Toxic Radiance  Alch           26%        N/A       16%         4
 Sticky Flame             Fire/Alch      26%        2d6       16%         4
 Haunt                    Necr/Summ      37%        N/A       16%         7
 Monstrous Menagerie      Summ           36%        N/A       22%         7
 Summon Hydra             Summ           36%        N/A       22%         7
 Alistair's Intoxication  Alch           17%        N/A       41%         5
 Arcjolt                  Conj/Air       13%        1d23      41%         5
 Fireball                 Conj/Fire      13%        3d7       41%         5
 Freezing Cloud           Conj/Ice/Air   13%        6-21      41%         5
 Irradiate                Conj/Alch      13%        3d16      41%         5
 Iskenderun's Battlesphe  Conj           26%        2d8       41%         5
 Metabolic Englaciation   Hex/Ice        13%        N/A       41%         5
 Silence                  Hex/Air        13%        N/A       41%         5
 Yara's Violent Unravell  Hex/Alch       13%        3d7       41%         5
 Borgnjor's Revivificati  Necr           39%        N/A       61%         8
 Infestation              Necr           39%        N/A       61%         8
 Bombard                  Conj/Erth      19%        9d4       73%         6
 Permafrost Eruption      Ice/Erth       19%        2x4d5     73%         6
 Spellforged Servitor     Conj/Summ      27%        N/A       87%         7
 Summon Horrible Things   Summ           36%        N/A       87%         8
 Conjure Ball Lightning   Conj/Air       13%        3x3d6     94%         6
 Eringya's Noxious Bog    Alch           13%        4d6       94%         6
 Plasma Beam              Fire/Air       13%        2x1d24    94%         6
 Sculpt Simulacrum        Ice/Alch       13%        N/A       94%         6
 Starburst                Conj/Fire      13%        6d5       94%         6
 Enfeeble                 Hex            13%        N/A       100%        7
 Orb of Destruction       Conj           13%        9d7       100%        7
 Ozocubu's Refrigeration  Ice            13%        4d10      100%        7
 Discord                  Hex            13%        N/A       100%        8
 Ignition                 Fire           13%        3d6       100%        8
 Lehudib's Crystal Spear  Conj/Erth      19%        10d6      100%        8
 Maxwell's Capacitive Co  Air            13%        ∞         100%        8
 Chain Lightning          Conj/Air       13%        3d17      100%        9
 Death's Door             Necr           39%        N/A       100%        9
 Dragon's Call            Summ           36%        N/A       100%        9
 Fire Storm               Conj/Fire      13%        8d3       100%        9
 Polar Vortex             Ice            13%        12d1*     100%        9
 Shatter                  Erth           25%        3d21*     100%        9
 Dimensional Bullseye     Hex/Tloc       Unusable   N/A       N/A         4

Dungeon Overview and Level Annotations

Branches:
Dungeon (15/15)            Temple (1/1) D:7            Lair (5/5) D:10
  Swamp (4/4) Lair:2       Spider (4/4) Lair:2        Slime (5/5) Lair:5
    Orc (2/2) D:11            Elf (3/3) Orc:2        Vaults (5/5) D:13
  Crypt (3/3) Vaults:3       Tomb (0/3) Crypt:3      Depths (4/4) D:15
    Zot (5/5) Depths:4    Volcano (visited)         Desolation (visited)

Altars:
Ashenzari
Cheibriados
Dithmenos
Elyvilon
Fedhas
Gozag
Hepliaklqana
Kikubaaqudgha
Makhleb
Nemelex Xobeh
Okawaru
Qazlal
Ru
Sif Muna
Trog
Uskayaw
Vehumet
Wu Jian
Xom
Yredelemnul
Zin
The Shining One
Beogh
Jiyva

Shops:
D:2 (   D:10 :   D:14 [   Orc:1 (   Orc:2 [(:*   Elf:1 :   Elf:2 (   Elf:3 :::
Vaults:4 !?   Vaults:5 *   Depths:1 :   Depths:3 *

Portals:
Hell: Depths:1 Depths:2 Depths:3 Depths:4
Abyss: Depths:2 Depths:3
Pandemonium: Orc:2 Depths:1 Depths:2 Depths:4
Ziggurat: Depths:4

Annotations:
Zot:2 3 runed translucent doors, Emoisch's ghost, adept MiFi; Qunuun's ghost, legendary DsFi; petzl's ghost, legendary FoDe
Zot:4 2 transporters, Qunuun's ghost, legendary DsFi


Innate Abilities, Weirdness & Mutations

You are a fearsome dragon!
You have a powerful clawing attack.
Your giant scaled body is strong and resilient, but less evasive.
You can breathe fire.
You are flying.
Your maximum health is greatly increased.
((You have sharp claws.))
((You have razor-sharp teeth.))
You have supernaturally acute eyesight. (SInv)
((Your thick and shaggy fur keeps you warm. (AC +3, rC+)))
((Your paws help you pounce on unaware monsters.))
You are incapable of wielding weapons or throwing items.
You cannot wear armour.
You gain extra lives every three experience levels.
((You are partially covered in iridescent scales. (AC +2)))
Your muscles are strong. (Str +4, Int/Dex -1)


Message History

There is a stone staircase leading up here.
You fly upwards.
There is a stone staircase leading down here.
There is a stone staircase leading up here.
You fly upwards.
There is a stone staircase leading down here.
There is an open door here.
A rust devil comes into view.
You charge forward with an electric crackle!
You maul the rust devil!!!
You kill the rust devil!
Sif Muna accepts your kill.
There is a fountain of clear blue water here.
Magic restored.
A Tzitzimitl comes into view.
The Tzitzimitl roars!
There is an open door here.
You barely miss the Tzitzimitl.
You tail-slap the Tzitzimitl, but do no damage.
Your claw misses the Tzitzimitl.
You bite the Tzitzimitl, but do no damage.
You hit the Tzitzimitl but do no damage.
Your claw misses the Tzitzimitl. The Tzitzimitl engulfs you!
The Tzitzimitl bites you.
You maul the Tzitzimitl!!!
You tail-slap the Tzitzimitl, but do no damage.
You bite the Tzitzimitl, but do no damage.
The Tzitzimitl is moderately wounded.
You maul the Tzitzimitl!!!
You tail-slap the Tzitzimitl, but do no damage.
You claw the Tzitzimitl!!
You kill the Tzitzimitl!
Sif Muna accepts your kill.
You hear a roar!
No target in view!
You reach down and close the door.
There is a staircase leading out of the dungeon here.
You start resting.
HP restored.
You have escaped!

########### ##.........##
#..♣..D..♣..# ##.........##
##### #####+##### #####
##...######...######...##
#.......................# ###
#..⌠........⌠........⌠..###..
#.......................#....
##..)######...######...##....
##'## ##>## ##'###....


There were no monsters in sight!

Vanquished Creatures
  A dread lich (Zot:5)
  An ancient lich (Zot:5)
  3 orbs of fire (Zot:5)
  Mennas (Vaults:5)
  The ghost of Siopp the Slayer, a legendary DsFi of Qazlal (Zot:3)
  7 Killer Klowns (Zot:5)
  A curse toe (Zot:5)
  2 caustic shrikes
  6 golden dragons
  A profane servitor (Abyss:3)
  3 bone dragons
  The ghost of partyrob117 the Conqueror, an adept MiBe of Trog (Elf:3)
  A Tzitzimitl (D:1)
  A Brimstone Fiend (D:14)
  9 electric golems
  3 hellephants
  Jorgrun (Orc:1)
  19 Orb Guardians
  A walking earthen tome (Depths:3)
  A shard shrike skeleton (Abyss:3)
  15 tentacled monstrosities
  2 deep elf blademasters
  11 liches
  4 sphinxes
  5 titans
  16 acid blobs
  8 quicksilver dragons
  14 death cobs
  An Executioner (Abyss:3)
  A deep elf master archer (Elf:3)
  2 ancient champions (Crypt:3)
  7 tentacled starspawn
  9 storm dragons
  A kraken (Abyss:3)
  13 shadow dragons
  3 protean progenitors
  7 tengu reavers
  6 azure jellies (Slime:5)
  13 rockslimes
  11 frost giants
  7 draconian monks
  2 revenants
  11 fire giants
  6 draconian shifters
  3 draconian knights
  5 iron dragons
  2 balrugs (Abyss:3)
  An imperial myrmidon (Desolation)
  4 vault wardens
  4 deep elf sorcerers
  2 deep elf elementalists
  3 ghost moths
  2 draconian scorchers (Zot:2)
  An emperor scorpion (Spider:1)
  3 draconian stormcallers
  A curse skull (Crypt:3)
  3 draconian annihilators
  A reaper (Crypt:1)
  10 formless jellyfish
  An orc warlord (Orc:2)
  A ghoul (Crypt:1)
  11 very ugly things
  15 ironbound preservers
  15 stone giants
  12 quicksilver oozes (Slime:5)
  The ghost of Pixtaico the Unseen, an adept FeNe of Elyvilon (Vaults:2)
  4 vampire knights
  2 ironbound thunderhulks
  A broodmother (Spider:1)
  5 green draconians
  2 deep elf death magi
  2 lorocyprocas (Abyss:3)
  6 deep elf demonologists
  38 starcursed masses
  A bunyip (Swamp:1)
  6 black draconians
  11 spark wasps
  5 deep elf annihilators
  Nessos (D:13)
  9 yellow draconians
  6 red draconians
  The ghost of Sesiytys the Covert, a journeyman HuWn of Dithmenos (Lair:3)
  A war gargoyle (Vaults:4)
  6 purple draconians
  A dire elephant (Vaults:3)
  2 blizzard demons
  9 ettins
  12 jiangshi
  8 white draconians
  4 eidola
  An entropy weaver (Spider:2)
  5 yaktaur captains
  Josephine (D:14)
  3 deep elf high priests
  6 fire dragons
  An entropy weaver (shapeshifter) (Elf:3)
  8 ice dragons
  29 vault guards
  A shambling mangrove (Abyss:3)
  7 great orbs of eyes
  8 rakshasas
  A demonspawn (Orc:2)
  An Orb Guardian zombie (Crypt:3)
  2 quicksilver dragon skeletons (Crypt:1)
  3 spriggan skeletons
  8 hydras
  4 spriggan air magi
  A peacekeeper (Vaults:4)
  A catoblepas (Lair:4)
  6 centaur warriors
  7 ironbound frosthearts
  2 ogre magi
  An anaconda (Zot:4)
  3 ghost crabs
  3 death yaks
  5 alligators
  4 deep troll shamans
  3 hell hogs (Abyss:3)
  3 demonic crawlers
  12 two-headed ogres
  4 boulder beetles
  14 dancing weapons
  2 tengu warriors (Depths:2)
  5 deep troll earth magi
  9 vampire magi
  3 occultists
  A spectral storm dragon (Crypt:3)
  11 hell knights
  6 orc high priests (Orc:2)
  8 spriggan berserkers
  A quicksilver ooze zombie (Crypt:3)
  A spectral dire elephant (Crypt:3)
  An azure jelly zombie (Crypt:1)
  8 thrashing horrors (Abyss:3)
  3 soul eaters
  7 deep elf knights
  2 sun demons (Abyss:3)
  2 fire crabs (shapeshifter)
  4 iron trolls
  4 sixfirhies (Abyss:3)
  A spatial maelstrom (Abyss:3)
  4 pharaoh ants
  17 skeletal warriors
  7 wretched stars
  6 shadow wraiths
  2 fire crabs (Abyss:3)
  3 goliath frogs
  7 flayed ghosts
  3 orb spiders
  38 deep trolls
  4 shadow demons
  Lodul (D:14)
  2 spriggan druids (Swamp:1)
  A glowing orange brain (shapeshifter) (Abyss:3)
  An orb spider (shapeshifter) (Elf:3)
  4 arcanists
  8 deep elf archers
  A spectral hydra (Crypt:3)
  7 lindwurms
  5 necromancers
  2 bog bodies
  4 steelbarb worms (Spider:1)
  4 glowing orange brains (Abyss:3)
  A golden dragon skeleton (Crypt:1)
  A harpy (shapeshifter) (Elf:3)
  A bunyip skeleton (Crypt:1)
  Pikel (D:5)
  12 ironbound convokers
  23 deep elf pyromancers
  2 thermic dynamos (Elf:3)
  An anaconda skeleton (Crypt:1)
  16 phantasmal warriors
  3 obsidian bats
  15 deep elf zephyrmancers
  10 wolf spiders
  7 orc knights
  10 orc sorcerers
  4 manticores
  3 shining eyes (shapeshifter)
  5 shining eyes
  2 cyclopes
  3 fauns (shapeshifter)
  A stone giant zombie (Crypt:1)
  3 worldbinders (Abyss:3)
  18 ugly things
  Maurice (D:9)
  24 moths of wrath
  A black mamba (shapeshifter) (Elf:1)
  A will-o-the-wisp (Swamp:1)
  A meliai (Spider:4)
  3 elephants (Lair:5)
  4 kobold blastminers
  A human skeleton (Abyss:3)
  A rust devil (D:1)
  2 apocalypse crabs (Abyss:3)
  A centaur zombie (Crypt:1)
  4 black mambas
  3 orange demons
  A molten gargoyle (Volcano)
  8 smoke demons (Abyss:3)
  14 vault sentinels
  A hellion (Abyss:3)
  A torpor snail (Spider:1)
  25 large abominations
  A dire elephant skeleton (Crypt:1)
  A naga skeleton (Abyss:3)
  10 cane toads
  8 gargoyles
  An elephant slug zombie (Crypt:3)
  A minotaur zombie (Crypt:1)
  4 kobold demonologists
  5 komodo dragons
  3 rime drakes
  A cane toad (shapeshifter) (Elf:3)
  A yaktaur (shapeshifter) (Elf:3)
  6 yaktaurs
  2 eyes of devastation
  A redback zombie (Crypt:1)
  An unseen horror (D:7)
  4 efreet
  9 ancient zymes (Abyss:3)
  3 catoblepas zombies
  10 freezing wraiths
  A red draconian skeleton (Crypt:2)
  A bunyip simulacrum (Abyss:3)
  3 ice devils
  A red devil (Orc:2)
  3 guardian mummies (Crypt:3)
  2 polar bears
  A silent spectre (Vaults:1)
  11 trolls
  A spectral harpy (Crypt:3)
  2 trolls (shapeshifter)
  3 hellwings
  4 tengu conjurers
  13 hornets
  3 tyrant leeches
  A glass eye (shapeshifter) (Depths:1)
  A merfolk (shapeshifter) (Vaults:5)
  10 tarantellas
  Grinder (D:4)
  3 saltlings (Desolation)
  21 raiju (Abyss:3)
  2 blink frogs
  Sigmund (D:5)
  4 glass eyes
  A dream sheep (Lair:5)
  10 jumping spiders
  73 slime creatures
  10 ynoxinuls
  3 shadows
  5 fire dragon skeletons (Crypt:1)
  2 air elementals
  3 water elementals
  A yak (shapeshifter) (Elf:3)
  8 culicivoras
  A vampire (Abyss:3)
  12 spriggans
  3 wyverns
  A fire bat (shapeshifter) (D:15)
  9 wraiths
  2 fire bats (Volcano)
  A fire elemental (Volcano)
  A human (D:13)
  2 wargs
  5 basilisks
  A hog (shapeshifter) (Elf:3)
  A tarantella (shapeshifter) (Vaults:2)
  24 yaks
  4 neqoxecs
  A steam dragon (D:7)
  15 golden eyes
  19 redbacks
  11 vampire mosquitoes
  Eustachio (D:5)
  4 chaos spawn (Abyss:3)
  An elf skeleton (Vaults:2)
  4 swamp worms
  Menkaure (D:7)
  A redback (shapeshifter) (Vaults:5)
  Edmund (D:6)
  2 spatial vortices (Abyss:3)
  3 acid dragons
  6 water moccasins
  3 hell hounds (Spider:2)
  2 swamp drakes
  13 laughing skulls
  3 sky beasts
  3 black bears
  41 orc warriors
  3 ice beasts
  7 wolves
  2 boggarts (Vaults:1)
  22 ogres
  A lemure (D:4)
  A swamp dragon skeleton (Crypt:1)
  10 centaurs
  A blink frog skeleton (Crypt:3)
  5 kobold brigands
  4 weeping skulls
  A brain worm (shapeshifter) (Elf:3)
  16 bullfrogs
  A rime drake skeleton (Crypt:1)
  5 brain worms (Abyss:3)
  5 scorpions
  A gnoll sergeant (D:10)
  4 earth elementals
  14 small abominations
  23 wights
  7 killer bees
  6 electric eels
  3 howler monkeys
  6 lava snakes (Volcano)
  2 bombardier beetles
  2 quasits (Abyss:3)
  28 orc priests
  7 hounds
  2 jellies (D:5)
  A black bear zombie (Crypt:3)
  Crazy Yiuf (D:5)
  An iron imp (Abyss:3)
  3 sleepcaps
  Natasha (thrice) (D:4)
  5 iguanas
  13 orc wizards
  A crocodile skeleton (Crypt:2)
  3 gnolls
  5 adders
  A white imp (D:8)
  4 ufetubi (Abyss:3)
  A dart slug (D:2)
  A ribbon worm (D:4)
  80 orcs
  6 ball pythons
  9 bats
  10 endoplasms
  A giant cockroach (D:4)
  A goblin (D:1)
  6 hobgoblins
  4 quokkas
  A bombardier beetle zombie (Crypt:2)
  2 frilled lizards
  A hobgoblin zombie (Crypt:2)
  A jackal zombie (Crypt:3)
  21 kobolds
  2 rats
  2 aspiring fleshes (Zot:1)
  A lurking horror (Abyss:3)
  A spectral weapon (Zot:5)
  2 starspawn tentacles
  3 tentacles (Abyss:3)
1959 creatures vanquished.

Vanquished Creatures (collateral kills)
  the Royal Jelly (Slime:5)
  A dread lich (Zot:5)
  An orb of fire (Zot:5)
  2 Killer Klowns
  Margery (Crypt:3)
  4 golden dragons
  A bone dragon (Crypt:1)
  Arachne (Spider:2)
  An electric golem (Zot:2)
  A tentacled monstrosity (Zot:4)
  A titan (Vaults:5)
  8 Orb Guardians (Zot:5)
  Mlioglotl (Spider:2)
  A walking divine tome (Depths:1)
  A quicksilver dragon (Depths:1)
  2 sphinxes
  A deep elf master archer (Elf:3)
  7 acid blobs
  An ancient champion (Crypt:1)
  2 liches
  A death cob (Zot:5)
  7 eldritch tentacles
  4 thorn hunters
  Aizul (Swamp:2)
  3 tengu reavers
  A draconian monk (Zot:3)
  2 shadow dragons
  2 storm dragons
  3 revenants (Crypt:3)
  Kirke (D:14)
  3 rockslimes
  Roxanne (Swamp:2)
  A protean progenitor (Zot:4)
  6 deep elf sorcerers (Elf:3)
  A draconian knight (Zot:2)
  2 fenstrider witches (Swamp:3)
  A draconian shifter (Zot:4)
  3 azure jellies
  4 vault wardens
  3 emperor scorpions (Spider:4)
  2 fire giants
  A draconian scorcher (Zot:3)
  Louise (Elf:3)
  2 reapers
  3 ghouls
  An imperial myrmidon (Desolation)
  A draconian stormcaller (Zot:4)
  4 deep elf elementalists (Elf:3)
  2 ghost moths
  3 draconian annihilators
  10 ironbound preservers
  A very ugly thing (Depths:3)
  4 quicksilver oozes (Slime:5)
  A juggernaut skeleton (Crypt:1)
  A broodmother (Spider:3)
  8 formless jellyfish
  3 ironbound thunderhulks
  3 vampire knights
  2 stone giants
  4 green draconians
  7 deep elf death magi
  3 eleionomae
  4 bunyips
  2 yellow draconians (Zot:1)
  3 dire elephants (Vaults:3)
  3 purple draconians
  2 white draconians
  3 deep elf demonologists (Elf:3)
  4 red draconians
  3 deep elf annihilators
  3 black draconians
  Azrael (Spider:2)
  2 halazid warlocks (Desolation)
  A spark wasp (Spider:2)
  9 eidola
  6 ragged hierophants (Desolation)
  3 ettins (Depths:2)
  A quicksilver dragon zombie (Crypt:2)
  2 crystal guardians
  2 entropy weavers (Spider:4)
  3 jiangshi
  3 deep elf high priests (Elf:3)
  2 shambling mangroves
  A vault guard (Vaults:5)
  4 great orbs of eyes
  5 servants of whispers (Desolation)
  5 yaktaur captains
  An ice dragon (Depths:3)
  An anaconda (Zot:4)
  2 catoblepae
  13 hydras
  2 peacekeepers (Desolation)
  6 alligators
  A ghost crab (Swamp:2)
  A two-headed ogre (D:11)
  4 centaur warriors (Vaults:2)
  2 radroaches (Spider:2)
  5 ironbound frosthearts
  19 dancing weapons
  A bunyip (shapeshifter) (Depths:3)
  6 boulder beetles
  3 deep troll shamans
  3 deep troll earth magi
  2 death yaks (Lair:5)
  A sphinx skeleton (Vaults:3)
  2 spriggan berserkers
  2 vampire magi
  7 hell knights
  2 orc high priests (Orc:2)
  13 deep elf knights
  6 demonic crawlers
  A skyshark (Lair:5)
  A spectral naga (Crypt:3)
  11 shadow wraiths (Crypt:3)
  4 pharaoh ants
  4 goliath frogs
  A glowing orange brain (Vaults:1)
  10 skeletal warriors
  4 spriggan druids
  2 iron trolls (Depths:2)
  30 deep trolls
  5 arcanists
  8 ironbound convokers
  4 flayed ghosts
  8 swamp dragons
  3 bog bodies
  A sun moth (Spider:4)
  5 deep elf archers (Elf:3)
  3 necromancers
  7 phantasmal warriors
  7 steelbarb worms (Spider:4)
  An obsidian bat (Orc:2)
  5 lindwurms
  An orc knight (D:15)
  A tengu zombie (Vaults:3)
  13 deep elf pyromancers
  5 harpies (Vaults:3)
  19 ugly things
  A faun (shapeshifter) (D:15)
  4 thermic dynamos (Elf:3)
  12 deep elf zephyrmancers
  A human zombie (Vaults:3)
  5 will-o-the-wisps
  3 shining eyes
  6 wolf spiders
  A cyclops (D:11)
  3 meliai (Spider:4)
  2 moths of wrath
  5 vault sentinels
  2 elephants (Lair:5)
  3 guardian serpents (Desolation)
  A black mamba (Lair:3)
  An eye of devastation (Slime:2)
  2 torpor snails
  A cane toad (Lair:2)
  An unseen horror (D:7)
  16 yaktaurs
  A catoblepas skeleton (Crypt:1)
  A yaktaur zombie (Vaults:2)
  A tengu conjurer (Depths:3)
  5 komodo dragons
  4 freezing wraiths
  A guardian mummy (Crypt:3)
  2 yaktaur skeletons
  A red devil (Orc:2)
  A troll (Orc:1)
  9 tyrant leeches
  4 bloated husks (Swamp:2)
  7 nameless horrors
  A polar bear (Lair:5)
  6 tarantellas
  2 glass eyes
  4 hornets
  41 saltlings (Desolation)
  A guardian serpent zombie (Crypt:3)
  A death drake skeleton (Crypt:1)
  4 dream sheep (Lair:5)
  4 jumping spiders
  A fire dragon skeleton (Crypt:1)
  39 slime creatures
  6 spriggans
  An air elemental (Elf:3)
  A culicivora (Spider:2)
  3 water elementals
  2 wraiths (Crypt:3)
  A basilisk (Lair:3)
  10 yaks
  2 wyverns
  5 shadows (Crypt:3)
  A basilisk (shapeshifter) (Elf:3)
  5 golden eyes
  A warg (Orc:1)
  2 redbacks
  3 vampire mosquitoes (Swamp:2)
  An elf simulacrum (Vaults:2)
  12 swamp worms
  A two-headed ogre zombie (Crypt:2)
  3 hell hounds (Spider:2)
  3 orc warriors (Orc:2)
  5 water moccasins
  5 swamp drakes
  An ogre (D:14)
  A black bear (Lair:3)
  4 laughing skulls (Crypt:1)
  2 boggarts (Vaults:1)
  5 wolves
  A human skeleton (Vaults:3)
  A snapping turtle skeleton (Crypt:1)
  3 centaurs
  A rime drake zombie (Crypt:2)
  6 weeping skulls (Crypt:3)
  A bullfrog (Lair:3)
  A gnoll sergeant (D:10)
  An earth elemental (Elf:1)
  3 wights
  A jelly (D:7)
  3 orc priests (Orc:2)
  An orc wizard (Orc:1)
  6 gnolls (D:10)
  An adder (D:5)
  An adder zombie (Crypt:1)
  15 orcs
  2 kobolds
  A ball python (D:3)
  A butterfly (Lair:5)
849 creatures vanquished.

Vanquished Creatures (others)
  A tentacled monstrosity (Zot:3)
  189 eldritch tentacles
  A fire giant (Depths:3)
  An emperor scorpion (Spider:4)
  A white draconian (Zot:2)
  A deep elf demonologist (Elf:3)
  An alligator (Swamp:2)
  A spriggan (Swamp:2)
  A swamp dragon (Swamp:4)
  An orb spider (Spider:3)
  A deep elf pyromancer (Elf:2)
  A deep elf zephyrmancer (Elf:1)
  2 moths of wrath
  A hydra zombie (Lair:5)
  3 bloated husks
  A hornet (Swamp:2)
  A cane toad zombie (Lair:1)
  A hornet zombie (D:10)
  A sky beast (D:7)
  3 dream sheep zombies (Lair:5)
  2 komodo dragon zombies (Lair:5)
  11 yak zombies
  A bullfrog zombie (Lair:3)
  2 centaur zombies (D:11)
  4 killer bee zombies (D:11)
  A hound zombie (D:7)
  6 kobold zombies (D:7)
  17 orc zombies
  22 foxfires
  2 lurking horrors (Abyss:3)
  15 snaplasher vines
  9 starspawn tentacles
  A tentacle (Abyss:3)
306 creatures vanquished.

Grand Total: 3114 creatures vanquished

Notes
Turn   | Place    | Note
-------+----------+-------------------------------------------
     0 | D:1      | DimondSprtn the Felid Necromancer began the quest for the
                  | Orb.
     0 | D:1      | Reached XP level 1. HP: 9/9 MP: 4/4
   528 | D:1      | Reached XP level 2. HP: 13/13 MP: 1/6
  1104 | D:2      | Reached skill level 5 in Necromancy
  1135 | D:2      | Found a burning altar of Makhleb.
  1162 | D:2      | Found Zufoosav's Antique Weapon Emporium.
  1176 | D:2      | Reached XP level 3. HP: 16/16 MP: 5/7
  1180 | D:2      | Learned a level 3 spell: Vampiric Draining
  1790 | D:3      | Reached XP level 4. HP: 21/21 MP: 3/8
  1790 | D:3      | Gained a life (2 lives remaining)
  1931 | D:3      | Noticed a kobold brigand
  2509 | D:3      | Reached XP level 5. HP: 16/24 MP: 3/9
  2514 | D:3      | Learned a level 4 spell: Animate Dead
  3408 | D:4      | Noticed Natasha
  3413 | D:4      | Killed Natasha
  3414 | D:4      | Gained mutation: You are covered in thick fur. (AC +2)
                  | [Felid growth]
  3414 | D:4      | Reached XP level 6. HP: 28/28 MP: 5/10
  3930 | D:4      | Noticed Grinder
  3932 | D:4      | Noticed Natasha
  3981 | D:4      | Killed Natasha
  4025 | D:4      | Noticed Natasha
  4063 | D:4      | Killed Natasha
  4372 | D:4      | Reached XP level 7. HP: 32/32 MP: 4/12
  4768 | D:5      | Entered Level 5 of the Dungeon
  4859 | D:4      | Learned a level 5 spell: Curse of Agony
  5153 | D:5      | Reached skill level 1 in Fighting
  5153 | D:5      | Reached skill level 1 in Unarmed Combat
  5423 | D:5      | Reached XP level 8. HP: 23/39 MP: 15/15
  5612 | D:5      | Noticed Pikel
  5628 | D:5      | Killed Pikel
  5629 | D:5      | Reached skill level 5 in Dodging
  5824 | D:5      | Found a runed translucent door.
  5825 | D:5      | Noticed Crazy Yiuf
  5976 | D:5      | Got the Secrets of Baleful Transfiguration
  6060 | D:5      | Reached skill level 5 in Fighting
  6060 | D:5      | Reached skill level 5 in Unarmed Combat
  6168 | D:5      | Noticed Eustachio
  6179 | D:5      | Killed Eustachio
  6180 | D:5      | Reached XP level 9. HP: 44/47 MP: 3/16
  6268 | D:5      | Noticed Sigmund
  6279 | D:5      | Killed Sigmund
  6986 | D:6      | Found a shimmering blue altar of Sif Muna.
  6995 | D:6      | Became a worshipper of Sif Muna the Loreminder
  7046 | D:6      | Noticed Edmund
  7806 | D:6      | Killed Edmund
  7960 | D:7      | Noticed a two-headed ogre
  8123 | D:7      | Found a staircase to the Ecumenical Temple.
  8129 | Temple   | Entered the Ecumenical Temple
  8302 | D:7      | Found a sparkling altar of Nemelex Xobeh.
  8544 | D:7      | Killed a two-headed ogre
  8545 | D:7      | Reached XP level 10. HP: 55/55 MP: 10/17
  8839 | D:7      | Reached * piety under Sif Muna
  8979 | D:7      | Noticed a gargoyle
  9437 | D:7      | Noticed a manticore
  9437 | D:7      | Noticed a white ugly thing
 11128 | D:9      | Noticed a two-headed ogre
 11132 | D:9      | Killed a two-headed ogre
 11336 | D:9      | Found a glowing silver altar of Zin.
 11337 | D:9      | Noticed an angel
 11622 | D:9      | Noticed Maurice
 11639 | D:9      | Killed Maurice
 11708 | D:9      | Identified the ring of Daisies {^Drain rN++ MP+9 AC+4
                  | Int+3}
 11721 | D:9      | Reached XP level 11. HP: 62/62 MP: 14/18
 11740 | D:9      | Reached ** piety under Sif Muna
 12057 | D:10     | Entered Level 10 of the Dungeon
 12114 | D:10     | Found a burning altar of Makhleb.
 12115 | D:10     | Found a basalt altar of Yredelemnul.
 12116 | D:10     | Found a stormy altar of Qazlal.
 12121 | D:10     | Reached skill level 10 in Necromancy
 12496 | D:10     | Found a sacrificial altar of Ru.
 12532 | D:10     | Found Nolar's Book Shoppe.
 12537 | D:10     | Found a staircase to the Lair.
 12540 | D:10     | Bought Great Wizards, Vol. II for 532 gold pieces
 12546 | D:10     | Learned a level 5 spell: Borgnjor's Vile Clutch
 12642 | D:10     | Reached skill level 1 in Earth Magic
 13155 | D:11     | Noticed a two-headed ogre
 13419 | D:11     | Found a staircase to the Orcish Mines.
 13459 | D:11     | Reached *** piety under Sif Muna
 13510 | D:11     | Noticed a catoblepas
 13560 | D:11     | Identified the amulet of Dishonour {Regen+ Dex+3}
 13772 | D:11     | Reached skill level 5 in Spellcasting
 13980 | D:11     | Found a roughly hewn altar of Beogh.
 14075 | D:11     | Noticed a boulder beetle
 14255 | D:4      | Killed Grinder
 14336 | D:5      | Killed Crazy Yiuf
 14560 | D:7      | Killed a white ugly thing
 14653 | D:7      | Found a runed translucent door.
 14744 | D:7      | Learned a level 6 spell: Death Channel
 14766 | D:7      | Reached skill level 1 in Invocations
 14880 | D:7      | Found a runed translucent door.
 14880 | D:7      | Found a runed translucent door.
 14987 | D:7      | Noticed Menkaure
 14991 | D:7      | Gained mutation: Your thick and shaggy fur keeps you warm.
                  | (AC +3, rC+) [Felid growth]
 14991 | D:7      | Reached XP level 12. HP: 64/66 MP: 23/23
 14996 | D:7      | Killed Menkaure
 15026 | D:7      | Reached **** piety under Sif Muna
 15027 | D:7      | Identified the +10 mace of the Ethereal God {freeze, rElec
                  | Int-3 Dex+5 SInv}
 15147 | D:7      | Noticed a two-headed ogre
 15148 | D:7      | Noticed a boulder beetle
 15162 | D:7      | Killed a two-headed ogre
 15164 | D:7      | Reached skill level 5 in Invocations
 15184 | D:7      | Killed a boulder beetle
 15463 | Lair:1   | Entered Level 1 of the Lair of Beasts
 15625 | Lair:1   | Found a dark tunnel.
 15673 | Volcano  | Entered a volcano
 16199 | Volcano  | Found a bloodstained altar of Trog.
 16239 | Volcano  | Noticed a stone giant
 16325 | Volcano  | Killed a stone giant
 16938 | Lair:1   | Got the Lectures on the Compass and Amathomancy
 16990 | Lair:1   | Noticed a four-headed hydra
 16999 | Lair:1   | Killed a four-headed hydra
 17342 | Lair:2   | Noticed a five-headed hydra
 17358 | Lair:2   | Killed a five-headed hydra
 17516 | Lair:2   | Found a staircase to the Swamp.
 17735 | Lair:2   | Found a hole to the Spider Nest.
 18228 | Lair:3   | Reached skill level 10 in Fighting
 18228 | Lair:3   | Reached skill level 10 in Unarmed Combat
 18228 | Lair:3   | Reached XP level 13. HP: 57/72 MP: 20/24
 18231 | Lair:3   | Reached skill level 10 in Dodging
 18656 | Lair:3   | Noticed Sesiytys's ghost (journeyman HuWn)
 18689 | Lair:3   | Found a transporter.
 18689 | Lair:3   | Found a transporter.
 19054 | Lair:3   | Reached ***** piety under Sif Muna
 20639 | Lair:5   | Entered Level 5 of the Lair of Beasts
 20775 | Lair:5   | Found a viscous altar of Jiyva.
 20776 | Lair:5   | Found a staircase to the Slime Pits.
 20863 | Lair:5   | Learned a level 2 spell: Lesser Beckoning
 20894 | Lair:5   | Reached skill level 15 in Dodging
 20978 | Lair:5   | Received a gift from Sif Muna
 21358 | Lair:5   | Reached skill level 5 in Translocations
 21523 | Lair:5   | Reached XP level 14. HP: 77/77 MP: 11/25
 22251 | D:12     | Found the +6 shillelagh "Devastator" {shatter}
 22385 | D:12     | Found a broken altar of Ashenzari.
 22708 | D:12     | Reached skill level 10 in Translocations
 23051 | Orc:1    | Entered Level 1 of the Orcish Mines
 23128 | Orc:1    | Found a roughly hewn altar of Beogh.
 23178 | Orc:1    | Noticed Jorgrun
 23192 | Orc:1    | Killed Jorgrun
 23396 | Orc:1    | Received a gift from Sif Muna
 23430 | Orc:1    | Got Sif Muna's Excursus on Creation and Unhallowed Acts
                  | {god gift}
 23678 | Orc:2    | Entered Level 2 of the Orcish Mines
 23752 | Orc:2    | Noticed an orc warlord
 23779 | Orc:2    | Killed an orc warlord
 23927 | Orc:2    | Found Ehenaenu's Armour Boutique.
 24180 | Orc:1    | Found Xaeskis's Antique Weapon Shop.
 25005 | Orc:2    | Found Jinteqyi's Distillery.
 25006 | Orc:2    | Found Lietu's General Store.
 25022 | Orc:2    | Received a gift from Sif Muna
 25307 | Orc:2    | Got Sif Muna's Anthology of the Tesseract and Hail {god
                  | gift}
 25463 | Orc:2    | Bought a potion of brilliance for 44 gold pieces
 25463 | Orc:2    | Bought a potion of heal wounds for 55 gold pieces
 25463 | Orc:2    | Bought a potion of heal wounds for 55 gold pieces
 25463 | Orc:2    | Bought a potion of curing for 33 gold pieces
 25463 | Orc:2    | Bought a potion of magic for 88 gold pieces
 25465 | Orc:2    | Bought a potion of magic for 112 gold pieces
 25493 | Orc:2    | Found a staircase to the Elven Halls.
 26465 | Orc:2    | Received a gift from Sif Muna
 26466 | Orc:2    | Reached skill level 10 in Spellcasting
 26597 | Orc:2    | Learned a level 6 spell: Gell's Gavotte
 26654 | Orc:2    | Found Maemn's Book Boutique.
 26654 | Orc:2    | Found Amegief's Antique Weapon Shop.
 26654 | Orc:2    | Found a one-way gate leading to the halls of Pandemonium.
 27001 | D:13     | Reached XP level 15. HP: 72/80 MP: 29/30
 27222 | D:13     | Learned a level 4 spell: Dispel Undead
 27729 | D:13     | Noticed Nessos
 27741 | D:13     | Killed Nessos
 28181 | D:13     | Found a gate to the Vaults.
 28412 | D:14     | Found Ryreacum's Antique Armour Shoppe.
 28503 | D:14     | Noticed Josephine
 28514 | D:14     | Killed Josephine
 29090 | D:14     | Noticed Lodul
 29092 | D:14     | Received a gift from Sif Muna
 29095 | D:14     | Got Cuysumen's Secrets of Bright Electrocution {god gift}
 29099 | D:14     | Killed Lodul
 29143 | D:14     | Noticed Kirke
 29149 | D:14     | Killed Kirke
 29150 | D:14     | Reached skill level 1 in Summonings
 29526 | D:15     | Entered Level 15 of the Dungeon
 29959 | D:15     | Reached skill level 5 in Summonings
 30104 | D:15     | Found a staircase to the Depths.
 30960 | Spider:1 | Entered Level 1 of the Spider Nest
 30960 | Spider:1 | Noticed an emperor scorpion
 31093 | Swamp:1  | Entered Level 1 of the Swamp
 31948 | Lair:2   | Reached XP level 16. HP: 58/85 MP: 16/34
 32087 | Spider:1 | HP: 4/85 [emperor scorpion (19)]
 32539 | Spider:1 | Received a gift from Sif Muna
 32584 | Spider:1 | Got Sif Muna's Omnibus of Creeping Ouranomancy {god gift}
 33781 | Spider:1 | Learned a level 7 spell: Malign Gateway
 33969 | Spider:2 | Noticed Mlioglotl
 34369 | Spider:2 | Noticed Arachne
 34384 | Spider:2 | Killed Arachne
 34880 | Spider:2 | Reached skill level 15 in Translocations
 35055 | Spider:2 | Gained mutation: Your magical capacity is low. (-10% MP) [a
                  | neqoxec]
 35056 | Spider:2 | Killed Mlioglotl
 35371 | Spider:2 | Lost mutation: Your magical capacity is low. (-10% MP)
                  | [potion of mutation]
 35371 | Spider:2 | Gained mutation: Your muscles are strong. (Str +4, Int/Dex
                  | -1) [potion of mutation]
 35371 | Spider:2 | Gained mutation: You are partially covered in iridescent
                  | scales. (AC +2) [potion of mutation]
 35417 | Spider:2 | Noticed Azrael
 35426 | Spider:2 | Killed Azrael
 36482 | Spider:4 | Entered Level 4 of the Spider Nest
 36891 | Spider:4 | Reached ****** piety under Sif Muna
 36891 | Spider:4 | Received a gift from Sif Muna
 36904 | Spider:4 | HP: 4/85 [meliai/+0 war axe (4)]
 36906 | Spider:3 | Slain by a boulder beetle
 36906 | Spider:3 | Lost a life (1 life remaining)
 37051 | Spider:4 | Mangled by a meliai
 37051 | Spider:4 | Lost a life (0 lives remaining)
 37090 | Spider:4 | Got Sif Muna's Improving Your Willworking {god gift}
 37122 | Spider:4 | Reached skill level 10 in Summonings
 37185 | Spider:4 | Reached XP level 17. HP: 89/89 MP: 33/36
 37185 | Spider:4 | Gained a life (1 life remaining)
 37460 | Spider:4 | Got a gossamer rune of Zot
 37761 | D:10     | Bought a Fen Folio for 588 gold pieces
 37768 | D:10     | Learned a level 5 spell: Summon Forest
 38729 | Swamp:2  | Noticed Roxanne
 38842 | Swamp:2  | Killed Roxanne
 38889 | Swamp:2  | Found a broken altar of Ashenzari.
 39283 | Swamp:2  | Reached skill level 1 in Shapeshifting
 39360 | Swamp:2  | Identified the +7 ring mail of Yredelemnul's Regard {Str+4}
 39415 | Swamp:2  | Identified the serpent talisman of Leusaoh {rN+ Str-4 Int+6
                  | SInv}
 39415 | Swamp:2  | Noticed Aizul
 39425 | Swamp:2  | Killed Aizul
 40207 | Swamp:3  | Reached skill level 5 in Shapeshifting
 40266 | Swamp:3  | Received a gift from Sif Muna
 40268 | Swamp:3  | Got Sif Muna's Handbook of Luminous Topomancy {god gift}
 40882 | Swamp:4  | Entered Level 4 of the Swamp
 41787 | Swamp:4  | Reached XP level 18. HP: 95/96 MP: 37/37
 41787 | Swamp:4  | Gained a life (2 lives remaining)
 41842 | Swamp:4  | Learned a level 4 spell: Vhi's Electric Charge
 41995 | Swamp:4  | Got a decaying rune of Zot
 42364 | Elf:1    | Entered Level 1 of the Elven Halls
 43151 | Elf:1    | Found a radiant altar of Vehumet.
 43469 | Elf:1    | Reached skill level 10 in Shapeshifting
 43486 | Elf:1    | Found Fauttet's Book Shop.
 43939 | Elf:2    | Found Para's Antique Weapon Shop.
 43958 | Elf:2    | Received a gift from Sif Muna
 43973 | Elf:2    | Got Sif Muna's Folio of Battling and Support {god gift}
 44061 | Elf:2    | Found a runed translucent gate.
 44061 | Elf:2    | Found a runed translucent gate.
 44061 | Elf:2    | Found a runed translucent gate.
 45194 | Elf:3    | Entered Level 3 of the Elven Halls
 45337 | Elf:2    | Learned a level 3 spell: Fugue of the Fallen
 45351 | Elf:2    | Found an ancient bone altar of Kikubaaqudgha.
 45590 | Elf:3    | Paralysed by an air elemental for 1 turns
 45590 | Elf:3    | Noticed Louise
 45598 | Elf:3    | Killed Louise
 45599 | Elf:3    | Reached XP level 19. HP: 90/100 MP: 38/38
 45823 | Elf:3    | Found Syosat's Book Emporium.
 45824 | Elf:3    | Found Qoesioreso's Jewellery Boutique.
 45826 | Elf:3    | Found Zyighyum's Book Emporium.
 46024 | Elf:3    | Found Pudenagoty's Self-Improvement Boutique.
 46031 | Elf:3    | Bought a manual of Dodging for 1360 gold pieces
 46110 | Elf:3    | Received a gift from Sif Muna
 46150 | Elf:3    | Got Sif Muna's Spellbook of Direction {god gift}
 46242 | Elf:3    | Noticed partyrob117's ghost (adept MiBe)
 46256 | Elf:3    | Found a transporter.
 46274 | Elf:3    | Identified the staff of Midwinter {rN+ Str+4 Earth}
 46555 | Elf:3    | Annihilated by an eldritch tentacle
 46555 | Elf:3    | Lost a life (1 life remaining)
 46777 | Elf:3    | Killed from afar by a deep elf elementalist
 46777 | Elf:3    | Lost a life (0 lives remaining)
 47008 | Vaults:1 | Entered Level 1 of the Vaults
 47181 | Vaults:1 | Found a transporter.
 47207 | Vaults:1 | Found a transporter.
 47325 | Vaults:1 | Reached skill level 15 in Shapeshifting
 48238 | Vaults:1 | Found Siroemet's Distillery.
 48245 | Vaults:1 | Bought a potion of heal wounds for 95 gold pieces
 48245 | Vaults:1 | Bought a potion of heal wounds for 95 gold pieces
 48245 | Vaults:1 | Bought 2 potions of haste for 380 gold pieces
 48787 | Vaults:2 | Received a gift from Sif Muna
 48809 | Vaults:2 | Got Sif Muna's Incunabulum of Dismal Hurting {god gift}
 48903 | Vaults:2 | Identified a scroll of acquirement
 48996 | Vaults:2 | Acquired the ring "Geedeus" {rC- MP+9 Dex+3 Slay+4}
 49168 | Vaults:2 | Found a runed translucent gate.
 49168 | Vaults:2 | Found a runed translucent gate.
 49169 | Vaults:2 | Found a runed translucent gate.
 49169 | Vaults:2 | Noticed Pixtaico's ghost (adept FeNe)
 49246 | Vaults:2 | Reached XP level 20. HP: 105/105 MP: 39/39
 49246 | Vaults:2 | Gained a life (1 life remaining)
 50711 | Vaults:3 | Found a staircase to the Crypt.
 50951 | Vaults:3 | Received a gift from Sif Muna
 51018 | Vaults:3 | Got Sif Muna's Omnibus of the Fateful Manifold {god gift}
 51156 | Vaults:3 | Reached skill level 15 in Spellcasting
 51373 | Vaults:3 | You fall into a shaft and drop 1 floor!
 51373 | Vaults:4 | Found Wosa's Distillery.
 51535 | Vaults:4 | Identified the +7 shortbow of Fedhas's Hope {heavy, rPois
                  | Int+3}
 51557 | Vaults:4 | Found Cint's Magic Scroll Shop.
 51585 | Vaults:4 | Found a crumbling gateway.
 51637 | Desolati | Entered the Desolation of Salt
 51645 | Desolati | Learned a level 6 spell: Dispersal
 51672 | Desolati | Reached XP level 21. HP: 109/109 MP: 20/42
 51672 | Desolati | Gained a life (2 lives remaining)
 52102 | Desolati | Identified the ring of Jealousy {Str+6 Dex+2}
 52106 | Desolati | Identified the ring of Efearets {rPois rC+ Will+ Dex-4}
 52112 | Desolati | Identified the staff of Resumed Hostilities {rPois Will+++
                  | Str+2 Int-4 Fire Alchemy}
 52123 | Desolati | Received a gift from Sif Muna
 52124 | Desolati | Got Sif Muna's Parchment of the Limned Coals {god gift}
 52601 | Vaults:4 | Bought a scroll of blinking for 157 gold pieces
 54248 | Elf:3    | Found a transporter.
 54307 | Elf:3    | Received a gift from Sif Muna
 54308 | Elf:3    | Got Uxzeogg's Precepts of Fumes and Heat {god gift}
 54586 | Lair:3   | Killed Sesiytys's ghost
 54928 | Vaults:1 | Found a runed translucent door.
 54928 | Vaults:1 | Found a bloodstained altar of Trog.
 54928 | Vaults:1 | Found the necklace of Bloodlust {Fury *Rage Will++ Int-3
                  | Slay+6}
 55394 | Vaults:1 | Identified the +7 great mace "Lesheggi" {speed, Str+2}
 55415 | Vaults:1 | Learned a level 7 spell: Manifold Assault
 55539 | Vaults:2 | Killed Pixtaico's ghost
 55665 | Crypt:1  | Entered Level 1 of the Crypt
 55899 | Vaults:3 | Received a gift from Sif Muna
 56584 | Crypt:1  | Reached XP level 22. HP: 120/120 MP: 44/44
 56708 | Crypt:1  | Reached skill level 15 in Fighting
 56796 | Crypt:1  | Received a gift from Sif Muna
 56797 | Crypt:1  | Got Sif Muna's Cyclopedia of Breezy Cohobation {god gift}
 58072 | Crypt:3  | Entered Level 3 of the Crypt
 58218 | Crypt:3  | Received a gift from Sif Muna
 58219 | Crypt:3  | Got Sif Muna's Information on the Charged Fifth Circle {god
                  | gift}
 58309 | Crypt:3  | Noticed Margery
 58318 | Crypt:3  | Reached skill level 15 in Unarmed Combat
 58320 | Crypt:3  | Killed Margery
 58727 | Crypt:3  | Found a staircase to the Tomb.
 58864 | Crypt:3  | Found an ancient bone altar of Kikubaaqudgha.
 58975 | Crypt:3  | Identified the ring of Xom's Best Wishes {rPois rN++ Str+5
                  | Stlth+}
 58975 | Crypt:3  | Identified the ring "Tinuzis" {rElec rPois rC+ rN++}
 59072 | Crypt:3  | Found the +8 Vampire's Tooth {megavamp}
 59278 | Crypt:3  | Received a gift from Sif Muna
 59292 | Crypt:3  | Got Sif Muna's Parchment of the Sizzling Birds {god gift}
 59908 | Depths:1 | Entered Level 1 of the Depths
 60213 | Depths:1 | Found a runed translucent door.
 60291 | Depths:1 | Reached XP level 23. HP: 131/131 MP: 45/45
 60428 | Depths:1 | Found a runed translucent door.
 60571 | Depths:1 | Found Zaaw's Tiny Tomes.
 60954 | Depths:1 | Found a gateway to Hell.
 60958 | Depths:1 | Learned a level 2 spell: Blink
 61123 | Depths:2 | Found a one-way gate to the infinite horrors of the Abyss.
 61698 | Depths:2 | Received a gift from Sif Muna
 61762 | Depths:2 | Got Sif Muna's Volume of Generation and Graupel {god gift}
 62029 | Depths:2 | Reached skill level 10 in Invocations
 62064 | Depths:2 | Identified the amulet of Hyegesea {Regen+ rCorr Stlth+}
 62212 | Depths:2 | Noticed a caustic shrike
 62217 | Depths:2 | Killed a caustic shrike
 63276 | Depths:3 | HP: 5/172 [fire giant/fireball (69)]
 63543 | Depths:3 | Found Cucwam's Changing Room.
 63567 | Depths:3 | Received a gift from Sif Muna
 63568 | Depths:3 | Got Sosk's Almanac of Iniquitous Magicks and the Evil Eye
                  | {god gift}
 63682 | Depths:3 | Bought a dragon-blood talisman for 1200 gold pieces
 64401 | Depths:3 | Reached XP level 24. HP: 137/137 MP: 10/45
 65298 | Depths:4 | Entered Level 4 of the Depths
 65821 | Depths:4 | Found a one-way gateway to a ziggurat.
 65987 | Depths:4 | Received a gift from Sif Muna
 66000 | Depths:4 | Learned a level 1 spell: Apportation
 66157 | Depths:4 | Found a gate to the Realm of Zot.
 67153 | Elf:3    | Killed partyrob117's ghost
 67644 | Slime:1  | Entered Level 1 of the Pits of Slime
 67827 | Lair:5   | Reached skill level 27 in Dodging
 69783 | Slime:4  | Found a viscous altar of Jiyva.
 69936 | Slime:5  | Entered Level 5 of the Pits of Slime
 69951 | Slime:5  | Paralysed by a formless jellyfish for 1 turns
 69953 | Slime:5  | Noticed the Royal Jelly
 69954 | Slime:5  | Received a gift from Sif Muna
 70410 | Slime:5  | Killed the Royal Jelly
 70623 | Slime:5  | Got a slimy rune of Zot
 70881 | Slime:5  | Found the +8 whip "Snakebite" {venom, curare, rPois}
 70984 | Slime:5  | Reached XP level 25. HP: 142/142 MP: 28/45
 71807 | Vaults:4 | Bought a scroll of acquirement for 1092 gold pieces
 71808 | Vaults:4 | Acquired 843 gold pieces
 71876 | Vaults:4 | Bought a potion of might for 48 gold pieces
 71876 | Vaults:4 | Bought a potion of heal wounds for 60 gold pieces
 71876 | Vaults:4 | Bought a potion of might for 48 gold pieces
 71876 | Vaults:4 | Bought a potion of invisibility for 96 gold pieces
 71876 | Vaults:4 | Bought a potion of heal wounds for 60 gold pieces
 71970 | Vaults:1 | Bought a potion of curing for 57 gold pieces
 71970 | Vaults:1 | Bought a potion of curing for 57 gold pieces
 71970 | Vaults:1 | Bought 2 potions of invisibility for 304 gold pieces
 71970 | Vaults:1 | Bought 2 potions of invisibility for 304 gold pieces
 71970 | Vaults:1 | Bought a potion of resistance for 190 gold pieces
 71970 | Vaults:1 | Bought a potion of might for 76 gold pieces
 72090 | Vaults:5 | Entered Level 5 of the Vaults
 73120 | Vaults:5 | Got a silver rune of Zot
 73240 | Vaults:5 | Found the +7 hand cannon "Mule" {flame, backblast, rF+}
 73522 | Vaults:5 | Noticed Mennas
 73538 | Vaults:5 | Killed Mennas
 74043 | Vaults:5 | Found Fuxuob's General Store.
 74052 | Vaults:5 | Bought a potion of heal wounds for 70 gold pieces
 74052 | Vaults:5 | Bought a potion of ambrosia for 112 gold pieces
 74857 | Depths:2 | Voluntarily entered the Abyss.
 74883 | Abyss:1  | Found a corrupted altar of Lugonu.
 74894 | Abyss:1  | Found a corrupted altar of Lugonu.
 74897 | Abyss:1  | Found a corrupted altar of Lugonu.
 75286 | Abyss:2  | Found a corrupted altar of Lugonu.
 75352 | Abyss:3  | Found a corrupted altar of Lugonu.
 75359 | Abyss:3  | Found a corrupted altar of Lugonu.
 75387 | Abyss:3  | Found a corrupted altar of Lugonu.
 75411 | Abyss:3  | Found a corrupted altar of Lugonu.
 75422 | Abyss:3  | Found a corrupted altar of Lugonu.
 75477 | Depths:2 | Escaped the Abyss
 75513 | Depths:2 | Voluntarily entered the Abyss.
 75513 | Abyss:3  | Found a transporter.
 75513 | Abyss:3  | Found a corrupted altar of Lugonu.
 75516 | Abyss:3  | Found a transporter.
 75533 | Abyss:3  | Identified the ring of Zin's Condemnation {Ice Slay+4}
 75604 | Depths:2 | Escaped the Abyss
 75606 | Depths:2 | Voluntarily entered the Abyss.
 75696 | Depths:2 | Escaped the Abyss
 75705 | Depths:2 | Voluntarily entered the Abyss.
 75705 | Abyss:3  | Found a corrupted altar of Lugonu.
 75831 | Abyss:3  | Found a corrupted altar of Lugonu.
 75994 | Depths:2 | Escaped the Abyss
 76039 | Depths:2 | Voluntarily entered the Abyss.
 76048 | Depths:2 | Escaped the Abyss
 76059 | Depths:2 | Voluntarily entered the Abyss.
 76117 | Abyss:3  | Found a corrupted altar of Lugonu.
 76123 | Abyss:3  | Found a corrupted altar of Lugonu.
 76123 | Abyss:3  | Found a corrupted altar of Lugonu.
 76190 | Abyss:3  | Reached XP level 26. HP: 157/157 MP: 45/45
 76349 | Depths:2 | Escaped the Abyss
 76380 | Depths:2 | Voluntarily entered the Abyss.
 76387 | Depths:2 | Escaped the Abyss
 76389 | Depths:2 | Voluntarily entered the Abyss.
 76774 | Depths:2 | Escaped the Abyss
 76796 | Depths:2 | Voluntarily entered the Abyss.
 76947 | Abyss:3  | Found a corrupted altar of Lugonu.
 76949 | Abyss:3  | Found a corrupted altar of Lugonu.
 76949 | Abyss:3  | Found a corrupted altar of Lugonu.
 77026 | Abyss:3  | Found a corrupted altar of Lugonu.
 77113 | Abyss:3  | Found a corrupted altar of Lugonu.
 77227 | Depths:2 | Escaped the Abyss
 77229 | Depths:2 | Voluntarily entered the Abyss.
 77242 | Abyss:3  | Found a corrupted altar of Lugonu.
 77279 | Abyss:3  | Found a bloodstained altar of Trog.
 77360 | Abyss:3  | Got an abyssal rune of Zot
 77426 | Depths:2 | Escaped the Abyss
 77496 | Zot:1    | Entered Level 1 of the Realm of Zot
 78841 | Zot:2    | Found a runed translucent gate.
 78842 | Zot:2    | Found a runed translucent gate.
 78842 | Zot:2    | Noticed Qunuun's ghost (legendary DsFi)
 78843 | Zot:2    | Found a runed translucent gate.
 78843 | Zot:2    | Noticed Emoisch's ghost (adept MiFi)
 78843 | Zot:2    | Noticed petzl's ghost (legendary FoDe)
 79386 | Zot:2    | Reached XP level 27. HP: 166/166 MP: 45/45
 79867 | Zot:3    | Noticed an orb of fire
 79907 | Zot:3    | Found a runed translucent door.
 79907 | Zot:3    | Noticed Siopp's ghost (legendary DsFi)
 79918 | Zot:3    | Killed Siopp's ghost
 80663 | Zot:4    | Found a transporter.
 80922 | Zot:4    | Found a transporter.
 80924 | Zot:4    | Noticed an ancient lich
 81295 | Zot:4    | Noticed Qunuun's ghost (legendary DsFi)
 81418 | Zot:5    | Entered Level 5 of the Realm of Zot
 81970 | Zot:5    | Noticed a dread lich
 81970 | Zot:5    | Noticed an ancient lich
 82004 | Zot:5    | Killed an ancient lich
 82005 | Zot:5    | Noticed an orb of fire
 82007 | Zot:5    | Killed a dread lich
 82012 | Zot:5    | Noticed a dread lich
 82018 | Zot:5    | Killed an orb of fire
 82019 | Zot:5    | Killed a dread lich
 82019 | Zot:5    | Noticed an orb of fire
 82024 | Zot:5    | Killed an orb of fire
 82045 | Zot:5    | Noticed an orb of fire
 82052 | Zot:5    | Noticed an orb of fire
 82068 | Zot:5    | Killed an orb of fire
 82070 | Zot:5    | Killed an orb of fire
 82274 | Zot:5    | Reached skill level 27 in Unarmed Combat
 82503 | Zot:5    | Got the Orb of Zot
 82563 | Zot:4    | Noticed a seraph
 83142 | D:$      | Escaped with the Orb!

Illustrated notes

Levels and vault maps discovered:
D:1:      minmay_arrival_split_and_join, layout_basic
D:2:      layout_rooms, serial_shops, shop, basic_altar
D:3:      cheibrodos_thug_alley, layout_basic, roderic_lattice_a
D:4:      layout_basic, uniq_grinder, uniq_natasha
D:5:      layout_rooms, dreamdust_princess_corridor, minmay_misc_feat_doors,
          uniq_sigmund, uniq_crazy_yiuf_cottage, uniq_eustachio, uniq_pikel
D:6:      layout_rooms, hellmonk_sif_muna_bookshelves,
          kennysheep_decorative_pillar, chequers_mini_garden, minivault_27,
          ebering_dispersal_statue_hall, uniq_edmund
D:7:      minmay_the_grid_triangle_9x9_rhombus_full
          [minmay_the_grid_triangle_9x9_checkered,
          minmay_the_grid_triangle_9x9_wacky_v,
          minmay_the_grid_triangle_9x9_zippers_horizontal,
          minmay_the_grid_triangle_9x9_subtriangle,
          minmay_the_grid_triangle_9x9_stretched_checkered,
          minmay_the_grid_triangle_9x9_cache,
          minmay_the_grid_triangle_9x9_tough_junction,
          minmay_the_grid_triangle_9x9_prize_center], layout_loops_ring,
          mainiacjoe_overflow_chevrons, minmay_temple_entry_hall,
          nzn_random_ring, uniq_menkaure
D:8:      layout_loops_corners, serial_aquarium, aquarium_bridge_square
          [aquarium_subvault_bridge, aquarium_subvault_wall,
          aquarium_subvault_bridge, aquarium_subvault_wall],
          aquarium_window_fake, aquarium_window_1, aquarium_view_2e,
          aquarium_view_2e, aquarium_pool_side
D:9:      layout_roguey, zin_angel, bh_walls_and_bars, uniq_maurice
D:10:     layout_roguey, nicolae_ru_great_annihilating_truth,
          chequers_temple_overflow_statue_of_worship, lair_entry_dummy,
          serial_shops, shop
D:11:     minmay_roctagon, layout_basic, minmay_orc_entry_temple_small
D:12:     layout_irregular_city, ashenzari_conservatory_becter
D:13:     layout_long_grid, grunt_vaults_entry_fortified, uniq_nessos
D:14:     layout_irregular_city, serial_shops, nicolae_shop_just_a_little_nook,
          columned_hall_lemuel, uniq_josephine, uniq_lodul, uniq_kirke
D:15:     gammafunk_enter_depths_forms, layout_basic
Temple:   nicolae_temple_superstar
Lair:1:   wander_river, layout_regular_city, nicolae_volcano_entry_vermiform,
          serial_bayou_shore_a
Lair:2:   layout_gridlike, mainiacjoe_swamp_entry_lozenge_pond,
          spider_nest_entry_web_field, chequers_serial_rivers_micro_e
Lair:3:   layout_regular_city, nzn_ghost_randoct
Lair:4:   layout_cave_pods, serial_bayou, serial_bayou_pond_c,
          serial_bayou_shore_b, serial_bayou_pond_c, serial_bayou_pond_d
Lair:5:   grunt_lair_end_beastmaster, layout_big_grid, slime_entry_1,
          lemuel_fruit_fields
Swamp:1:  layout_basic_swamp, hangedman_swamp_lotus
Swamp:2:  nicolae_swamp_husk_halls, layout_basic_swamp,
          nicolae_swamp_feature_on_the_river_bank, infiniplex_staircase_pool,
          uniq_roxanne, uniq_aizul
Swamp:3:  nicolae_swamp_ascending_descending_big, layout_basic_swamp,
          nicolae_swamp_round_clearing, swamp_pool_4, worms_lemuel
Swamp:4:  swamp_alternative, layout_basic_swamp
Spider:1: layout_spider_delve
Spider:2: layout_spider_delve, uniq_mlioglotl, uniq_azrael, uniq_arachne
Spider:3: layout_cave_pods
Spider:4: hellmonk_spider_rune_bug_friends
Slime:1:  layout_caves
Slime:2:  layout_caves
Slime:3:  layout_caves
Slime:4:  layout_caves, basic_altar, nicolae_slime_barrier
Slime:5:  slime_pit_nicolae_inversion
Orc:1:    layout_caves, serial_shops, nicolae_shop_stone, basic_altar,
          nicolae_orc_all_along_the_watchtower, uniq_jorgrun
Orc:2:    pf_orc_diabolical, layout_diamond_mine, serial_shops,
          nicolae_shop_real_fake_doors, nicolae_orc_stony_grotto
Elf:1:    layout_loops_corners, basic_altar, serial_shops, shop, kb_rosetta,
          minivault_14
Elf:2:    elven_hall_of_blades_hangedman_original [nicolae_blade_bullseye],
          layout_onion_city, serial_shops, nicolae_shop_peninsula,
          minmay_elf_sorcery, lemuel_upstairs_altar
Elf:3:    minmay_elf_hall_golems, layout_geoelf_octagon,
          gammafunk_ghost_berserking_beasts, nicolae_shop_self_help,
          minmay_shop_grove, uniq_louise
Vaults:1: nicolae_vaults_what_the_h, nicolae_vaults_diagonal_hallway_8,
          vaults_dpeg_cross, nicolae_vaults_six-pack,
          nicolae_vaults_closet_pinwheel_5, nicolae_vaults_closet_pinwheel_6,
          emtedronai_trogs_sanctum, v_misc_28, nicolae_vaults_two_Ls,
          nicolae_vaults_diamond_1, vaults_dpeg_hooks, grunt_vaults_twisty,
          layout_vaults_omnicross, serial_shops, nicolae_diamond_shop
Vaults:2: gammafunk_ghost_split, nicolae_vaults_storage_closets_1,
          vaults_dpeg_encased_lava, nicolae_vaults_tetromino_Z_1,
          nicolae_vaults_double_plus_1, nicolae_vaults_house_1,
          nicolae_vaults_mini_display_case, vaults_dpeg_emergency_exit,
          layout_vaults_omnigrid
Vaults:3: v_alt_pattern_1, minmay_crypt_entry_simple_corners,
          nicolae_vaults_more_shelving_1, hangedman_vaults_nails, v_misc_2,
          nicolae_vaults_wrenched, nicolae_vaults_theta,
          nicolae_vaults_little_squares_5, ontoclasm_vaults_fault,
          vaults_mumra_hexcomb, nicolae_vaults_house_3, vaults_dpeg_diagonal,
          nicolae_vaults_yaktaur_gun_rack, nicolae_vaults_tetromino_L_1,
          layout_vaults_maze_snakey
Vaults:4: portal_desolation_entry_ruin, v_rooms_6, v_misc_27,
          nicolae_vaults_sightless_eye, v_misc_5, nicolae_vaults_tetromino_L_1,
          nicolae_vaults_meiosis, nicolae_vaults_rhombus_5,
          ontoclasm_vaults_idyll, ontoclasm_vaults_hangar,
          hangedman_vaults_restitches, layout_vaults_omnibox, serial_shops,
          bzr_in_the_mist, nicolae_shop_stone, nicolae_shop_waterfront
Vaults:5: uniq_mennas
Crypt:1:  cheibrodos_crypt_draghalla, layout_rooms, grunt_ministairs_8,
          grunt_crypt_arrival_webbed
Crypt:2:  layout_gridlike, serial_sigils_hangedman_shear
Crypt:3:  church_of_pain_bobbens, layout_chaotic_city,
          tomb_entry_simple_bobbens, uniq_margery
Depths:1: layout_honeycomb, hell_entry, minmay_misc_feat_pillars,
          grunt_pan_entry_sceptre, minmay_st_funbox,
          nicolae_shop_i_like_small_books_too, kennysheep_pointless_box,
          kennysheep_treasure_room
Depths:2: evilmike_diamond_2, layout_gridlike,
          regret_index_abyss_entry_already_here, hell_entry, pan_entry,
          infiniplex_staircase_split_hallway
Depths:3: nzn_winding_woodlands_stair_cross [nzn_winding_woodlands_5x15_parted,
          nzn_winding_woodlands_center_garden,
          nzn_winding_woodlands_5x15_pathside_ponds,
          nzn_winding_woodlands_5x5_checkerboard,
          nzn_winding_woodlands_5x5_cross, nzn_winding_woodlands_5x15_pockets,
          nzn_winding_woodlands_center_lodge, nzn_winding_woodlands_5x15_cabin],
          layout_cave_pools, hell_entry, nicolae_abyss_entry_one_way_or_another,
          reono_crystal_passage, nicolae_transmutations_shop,
          infiniplex_staircase_river
Depths:4: grunt_x_marks_the_spot, layout_basic, enter_ziggurat_b, pan_entry,
          minmay_misc_feat_tiny, hell_entry, minmay_misc_feat_iff
Zot:1:    layout_onion, regret_index_zotdec_bone_old
Zot:2:    layout_gridlike, gammafunk_ghost_cemetery, uniq_josephina
Zot:3:    layout_gridlike, gammafunk_ghost_grave, regret_index_zotdec_wing_it,
          nrook_zot_tub
Zot:4:    layout_cellular_growth, gammafunk_ghost_mausoleum,
          regret_index_zotdec_dark_gr, grunt_ministairs_4
Zot:5:    layout_gridlike, lemuel_golem_globe

Skill      XL: |  1  2  3  4  5  6  7  8  9 10 11 12 13 14 15 16 17 18 19 20 21 22 23 24 25 26 27 |
---------------+----------------------------------------------------------------------------------+-----
Necromancy     | 5 6 7 8 9 11 12 | 12.0
Spellcasting   | 3 4 7 10 13 14 16 17 | 17.5
Fighting       | 2 5 7 9 10 11 14 17 18 22 24 26 | 26.2
Dodging        | 3 5 7 9 16 17 19 23 25 27 | 27.0
Unarmed Combat | 2 5 7 9 10 14 17 18 20 22 24 27 | 27.0
Earth Magic    | 4 |  4.0
Invocations    | 2 7 11 12 | 12.0
Translocations | 6 12 13 17 18 | 18.0
Summonings     | 7 10 | 10.0
Shapeshifting  | 8 13 16 | 16.0
Stealth        | |  2.6

Action                     |  1- 3 |  4- 6 |  7- 9 | 10-12 | 13-15 | 16-18 | 19-21 | 22-24 | 25-27 || total
---------------------------+-------+-------+-------+-------+-------+-------+-------+-------+-------++-------
  Melee: Unarmed           |     2 |    19 |   152 |   513 |   743 |   293 |   588 |  1259 |  1480 ||  5049
         Bite              |       |     8 |    19 |    93 |   155 |    35 |    95 |   118 |   134 ||   657
         Punch             |       |       |     4 |    49 |    85 |    22 |    58 |   110 |   141 ||   469
         Constrict         |       |       |       |       |       |    37 |     2 |       |       ||    39
         Tailslap          |       |       |       |       |       |       |       |    68 |   178 ||   246
   Cast: Necrotise         |    46 |    81 |    26 |     4 |       |       |       |       |       ||   157
         Vampiric Draining |       |    16 |    60 |    72 |    47 |    21 |       |       |       ||   216
         Curse of Agony    |       |       |     3 |    16 |     4 |     8 |       |       |       ||    31
         Animate Dead      |       |       |     2 |    13 |    10 |       |       |       |       ||    25
         Borgnjor's Vile C |       |       |       |    48 |   189 |    57 |    43 |    18 |     1 ||   356
         Death Channel     |       |       |       |     4 |    38 |     8 |     3 |    24 |    20 ||    97
         Lesser Beckoning  |       |       |       |       |    29 |    12 |     2 |     3 |     1 ||    47
         Gell's Gavotte    |       |       |       |       |    51 |    98 |    67 |    13 |    10 ||   239
         Dispel Undead     |       |       |       |       |     7 |     2 |       |    33 |       ||    42
         Malign Gateway    |       |       |       |       |       |    78 |    68 |    33 |    17 ||   196
         Summon Forest     |       |       |       |       |       |    13 |    11 |     9 |     4 ||    37
         Dragon's Call     |       |       |       |       |       |     1 |     2 |       |       ||     3
         Vhi's Electric Ch |       |       |       |       |       |    32 |    65 |   132 |   195 ||   424
         Fugue of the Fall |       |       |       |       |       |       |     4 |    35 |    36 ||    75
         Shatter           |       |       |       |       |       |       |     1 |       |       ||     1
         Manifold Assault  |       |       |       |       |       |       |    38 |   200 |   274 ||   512
         Dispersal         |       |       |       |       |       |       |     1 |     3 |       ||     4
         Death's Door      |       |       |       |       |       |       |       |     1 |       ||     1
         Apportation       |       |       |       |       |       |       |       |       |     1 ||     1
 Invoke: Divine Exegesis   |       |       |       |       |       |     1 |     3 |     1 |       ||     5
         Forget Spell      |       |       |       |       |       |     1 |     1 |       |       ||     2
         Channel Magic     |       |       |       |       |       |       |     1 |     1 |     1 ||     3
  Evoke: Wand              |       |       |    19 |       |       |       |     8 |       |       ||    27
    Use: Scroll            |       |     7 |     2 |     7 |     7 |     8 |     3 |     1 |     4 ||    39
         Potion            |       |       |     1 |       |     1 |     2 |     2 |     2 |     4 ||    12
   Stab: Sleeping          |       |       |     5 |     9 |    10 |     2 |     1 |       |       ||    27
         Distracted        |       |       |     2 |     4 |     8 |     1 |     4 |    13 |     7 ||    39
         Paralysed         |       |       |       |     1 |       |       |       |       |       ||     1
         Petrified         |       |       |       |       |     9 |       |       |       |       ||     9
 Armour: Skin              |     1 |    14 |    56 |   199 |   254 |   273 |   258 |   394 |   445 ||  1894
  Dodge: Dodged            |     3 |    15 |   134 |   502 |  1067 |   601 |  1038 |   994 |   470 ||  4824
  Block: Other             |       |     6 |    24 |    72 |       |       |       |       |       ||   102
         Reflection        |       |     1 |       |     2 |       |       |       |       |       ||     3
   Form: Serpent           |       |       |       |       |       |     1 |     1 |       |       ||     2
         Statue            |       |       |       |       |       |       |     2 |       |       ||     2
         Dragon            |       |       |       |       |       |       |       |     1 |       ||     1

Table legend: (Time is in decaauts)
 A = Elapsed time spent in this place.
 B = Non-inter-level travel time spent in this place.
 C = Inter-level travel time spent in this place.
 D = Time resting spent in this place.
 E = Time spent auto-exploring this place.
 F = Levels seen in this place.
 G = Mean time per level.
                   A        B        C        D        E       F      G
               +--------+--------+--------+--------+--------+-----+--------+
         Total |  91212 |  81524 |   9688 |  11152 |  54344 |  70 | 1303.0 |
       Dungeon |  22744 |  19533 |   3211 |   2435 |  13736 |  15 | 1516.3 |
        Temple |      1 |      1 |      0 |      0 |      0 |   1 |    1.0 |
          Lair |   7271 |   6248 |   1023 |    756 |   4627 |   5 | 1454.2 |
         Swamp |   5236 |   4762 |    474 |    869 |   2720 |   4 | 1309.0 |
   Spider Nest |   5461 |   5135 |    326 |    629 |   3507 |   4 | 1365.2 |
    Slime Pits |   3497 |   3256 |    241 |    367 |   2381 |   5 |  699.4 |
  Orcish Mines |   4009 |   3378 |    631 |    368 |   2268 |   2 | 2004.5 |
   Elven Halls |   5962 |   5414 |    548 |   1134 |   2956 |   3 | 1987.3 |
        Vaults |  13216 |  11484 |   1732 |   2018 |   6980 |   5 | 2643.2 |
         Crypt |   5498 |   5206 |    292 |    494 |   3557 |   3 | 1832.7 |
        Depths |   8760 |   7911 |    849 |   1053 |   5665 |   4 | 2190.0 |
           Zot |   4972 |   4615 |    357 |    273 |   3521 |   5 |  994.4 |
         Abyss |   2279 |   2279 |      0 |     48 |   1441 |  12 |  189.9 |
       Volcano |    898 |    898 |      0 |    208 |    412 |   1 |  898.0 |
    Desolation |   1400 |   1400 |      0 |    495 |    570 |   1 | 1400.0 |
               +--------+--------+--------+--------+--------+-----+--------+

Top non-repeatable levels by time:
Vaults:1: 3575 daAuts
Vaults:2: 3230 daAuts
Depths:2: 2986 daAuts
   Orc:2: 2717 daAuts
   Elf:3: 2614 daAuts
Vaults:4: 2574 daAuts
     D:7: 2484 daAuts
Vaults:3: 2282 daAuts
 Crypt:3: 2252 daAuts
Depths:3: 2176 daAuts
Spider:1: 2163 daAuts
Depths:1: 2049 daAuts
     D:3: 1874 daAuts
    D:13: 1844 daAuts
  Lair:2: 1826 daAuts
